 Dungeon Crawl Stone Soup version 0.30-a0-578-gdee14c521f (webtiles) character file.

Game seed: 8790738878039015386

2571 cforsyth the Grappler (level 9, -3/82 HPs)
             Began as a Ghoul Monk on Dec 31, 2022.
             Was a Believer of Okawaru.
             Slain by a large abomination (17 damage)
             ... on level 1 of the Abyss.
             The game lasted 00:10:17 (7222 turns).

cforsyth the Grappler (Ghoul Monk)                  Turns: 7222, Time: 00:10:17

Health: -3/82      AC: 16    Str: 19    XL:     9   Next: 57%
Magic:  6/8        EV: 10    Int:  5    God:    Okawaru [**....]
Gold:   237        SH:  0    Dex: 11    Spells: 8/8 levels left

rFire   . . .      SeeInvis +      - Unarmed
rCold   + . .      Faith    .    (no shield)
rNeg    + + +      Spirit   .    q - +0 chain mail
rPois   ∞          Reflect  .    k - +0 helmet
rElec   .          Harm     .    (no cloak)
rCorr   .          Rampage  .    (no gloves)
Will    .....                    i - +1 pair of boots Stlth
                                 (no amulet)
HPRegen 0.00/turn                g - ring of see invisible
MPRegen 0.11/turn                (no ring)

@: heroic, inhibited regen
A: claws 1, cold resistance 1, negative energy resistance 3, inhibited
regeneration, torment resistance 2, devour on kill
a: Renounce Religion, Heroism


You were on level 1 of the Abyss.
You worshipped Okawaru.
Okawaru was pleased with you.
You visited 2 branches of the dungeon, and saw 9 of its levels.
You visited the Abyss 1 time.

You collected 237 gold pieces.

Inventory:

Armour
 i - a +1 pair of boots (worn)
 k - a +0 helmet (worn)
 q - a +0 chain mail (worn)
Jewellery
 g - a ring of see invisible (left claw)
 s - an amulet of magic regeneration
 v - a ring of wizardry
Scrolls
 c - a scroll of vulnerability {unknown}
 l - a scroll of blinking {unknown}
 m - 3 scrolls of enchant armour
 n - 6 scrolls of teleportation
Potions
 a - 3 potions of flight
 b - 2 potions of ambrosia
 d - 2 potions of haste
 e - 2 potions of attraction
 f - 6 potions of curing
 h - a potion of cancellation
 j - 2 potions of magic
 o - a potion of degeneration {unknown}
 p - a potion of mutation {unknown}
 w - a potion of invisibility {unknown}


   Skills:
 + Level 8.8(13.8) Fighting
 + Level 6.3(11.3) Armour
 - Level 2.6(7.6) Dodging
 - Level 2.1(7.1) Stealth
 + Level 8.8(13.8) Unarmed Combat


You had 8 spell levels left.
You didn't know any spells.
Your spell library contained the following spells:

 Spells                   Type           Power      Damage    Failure   Level
 Necrotise                Necr           0%         1d4       98%         1
 Slow                     Hex            0%         N/A       98%         1
 Confusing Touch          Hex            0%         N/A       100%        3
 Vampiric Draining        Necr           0%         2d6       100%        3
 Manifold Assault         Tloc           0%         N/A       100%        4
 Agony                    Necr           0%         N/A       100%        5
 Dispersal                Tloc           0%         N/A       100%        6
 Disjunction              Tloc           0%         N/A       100%        8


Dungeon Overview and Level Annotations

Branches:
Dungeon (8/15)             Temple (1/1) D:5
   Lair: D:8-11

Altars:
Cheibriados
Fedhas
Hepliaklqana
Kikubaaqudgha
Makhleb
Okawaru

Shops:
D:4 =[*[

Annotations:
D:4 1 runed translucent door, Crazy Yiuf


Innate Abilities, Weirdness & Mutations

You are immune to poison.
You have sharp fingernails.
Your flesh is cold resistant. (rC+)
You are immune to negative energy. (rN+++)
You do not regenerate when monsters are visible.
You are immune to unholy pain and torment.
You thrive by killing the living.


Message History

The smoke demon is heavily wounded.
The smoke demon hits you but does no damage.
The smoke demon hits you. The smoke demon closely misses you.
You scratch the smoke demon.
The smoke demon is heavily wounded.
The smoke demon hits you but does no damage. x2
The smoke demon closely misses you.
You scratch the smoke demon.
The smoke demon is severely wounded.
The smoke demon hits you but does no damage. x3
You scratch the smoke demon.
The smoke demon is severely wounded.
The smoke demon gestures at you.
The sticky flame hits you but does no damage.
You are covered in liquid flames!
You mangle the smoke demon!!
You kill the smoke demon!
Okawaru is honoured by your kill.
Okawaru will now gift you throwing weapons as you gain piety.
You are covered in liquid flames!
You are covered in liquid flames!
You feel like a meek peon again.
A large abomination comes into view.
You scratch the large abomination but do no damage.
The large abomination barely misses you.
You barely miss the large abomination. The large abomination hits you.
You claw the large abomination!
The large abomination is moderately damaged.
The large abomination hits you!
* * * LOW HITPOINT WARNING * * *
You gain the combat prowess of a mighty hero.
Okawaru will no longer gift you throwing weapons.
The large abomination hits you.
* * * LOW HITPOINT WARNING * * *
You scratch the large abomination but do no damage.
The large abomination is moderately damaged.
You scratch the large abomination.
The large abomination is moderately damaged.
The large abomination hits you!
You die...

...... .
....... .
.......
.......
..#..#. #
###....._ .
#..#..## ..##
#.@X...#
#...#.#..##.#
#......### #
....#.....# .
##.#.##.##.#
##.#....#.#...
...#.## .#..#
. .##... . ...
.# # .. .
..#.#. ..


You could see a large abomination.

Vanquished Creatures
  A smoke demon (Abyss:1)
  An ancient zyme (Abyss:1)
  Grinder (D:6)
  Sigmund (D:5)
  A water moccasin (D:4)
  An ice beast (D:6)
  A sky beast (D:6)
  A centaur (D:5)
  A kobold brigand (D:5)
  Blork the orc (D:5)
  A bullfrog (D:6)
  3 scorpions
  A gnoll sergeant (D:6)
  A small abomination (Abyss:1)
  A howler monkey (D:3)
  5 hounds
  A jelly (D:6)
  A quasit (Abyss:1)
  4 orc priests
  3 iguanas (D:6)
  Natasha (twice) (D:2)
  3 orc wizards
  9 gnolls
  7 adders
  A shadow imp (D:6)
  An ufetubus (D:7)
  4 worms
  4 dart slugs
  7 orcs
  4 ball pythons
  7 endoplasms
  2 giant cockroaches
  5 goblins
  10 hobgoblins
  3 jackals (D:3)
  3 quokkas
  3 bats (D:1)
  5 frilled lizards
  10 kobolds
  3 rats (D:1)
124 creatures vanquished.

Notes
Turn   | Place    | Note
-------+----------+-------------------------------------------
     0 | D:1      | cforsyth the Ghoul Monk began the quest for the Orb.
     0 | D:1      | Reached XP level 1. HP: 19/19 MP: 0/0
   153 | D:1      | Reached XP level 2. HP: 26/26 MP: 1/1
   666 | D:1      | Reached XP level 3. HP: 33/33 MP: 2/2
  1090 | D:2      | Noticed Natasha
  1098 | D:2      | Killed Natasha
  1099 | D:2      | Reached skill level 1 in Armour
  1099 | D:2      | Reached XP level 4. HP: 40/40 MP: 3/3
  1127 | D:2      | Noticed Natasha
  1150 | D:2      | Killed Natasha
  2027 | D:3      | Reached XP level 5. HP: 45/47 MP: 4/4
  2722 | D:4      | Reached skill level 5 in Unarmed Combat
  2776 | D:4      | Reached skill level 5 in Fighting
  2859 | D:4      | Found Afoveguf's Jewellery Shop.
  2954 | D:4      | Found a runed translucent door.
  2955 | D:4      | Noticed Crazy Yiuf
  3040 | D:4      | Noticed a water moccasin
  3049 | D:4      | Killed a water moccasin
  3050 | D:4      | Reached XP level 6. HP: 41/56 MP: 5/5
  3119 | D:4      | Found Pyts's Antique Armour Emporium.
  3171 | D:4      | Found Qula's Assorted Antiques.
  3299 | D:4      | Found Hadawish's Antique Armour Boutique.
  3611 | D:5      | Entered Level 5 of the Dungeon
  3787 | D:5      | Reached XP level 7. HP: 55/62 MP: 6/6
  3827 | D:5      | Noticed Sigmund
  3831 | D:5      | Killed Sigmund
  3840 | D:5      | Noticed Blork the orc
  3850 | D:5      | Killed Blork the orc
  3944 | D:5      | Found a staircase to the Ecumenical Temple.
  4488 | D:5      | Reached XP level 8. HP: 65/71 MP: 7/7
  5357 | D:5      | You fall into a shaft and drop 3 floors!
  5888 | Temple   | Entered the Ecumenical Temple
  5900 | Temple   | Became a worshipper of Warmaster Okawaru
  5900 | Temple   | Reached * piety under Okawaru
  5900 | Temple   | Reached ** piety under Okawaru
  6377 | D:6      | Reached skill level 5 in Armour
  6575 | D:6      | Reached XP level 9. HP: 71/81 MP: 8/8
  6670 | D:6      | Noticed Grinder
  6674 | D:6      | Paralysed by Grinder for 3 turns
  6680 | D:6      | Killed Grinder
  6812 | Abyss:1  | Cast into level 1 of the Abyss (orc)
  6854 | Abyss:1  | Noticed an apocalypse crab
  6979 | Abyss:1  | Noticed an ancient zyme
  6991 | Abyss:1  | Killed an ancient zyme
  7046 | Abyss:1  | Noticed a wretched star
  7190 | Abyss:1  | Noticed a smoke demon
  7191 | Abyss:1  | Found a corrupted altar of Lugonu.
  7211 | Abyss:1  | Killed a smoke demon
  7211 | Abyss:1  | Reached *** piety under Okawaru
  7213 | Abyss:1  | Found a corrupted altar of Lugonu.
  7213 | Abyss:1  | Noticed a large abomination
  7222 | Abyss:1  | Slain by a large abomination

Illustrated notes

Levels and vault maps discovered:
D:1:      psy_arrival_conway, layout_loops_ring
D:2:      layout_basic, uniq_natasha
D:3:      layout_basic
D:4:      layout_loops_cross, serial_shops, nicolae_shop_hallway_stairs,
          nicolae_shop_trees, shop, nicolae_shop_trees, uniq_crazy_yiuf_cottage
D:5:      layout_basic, minmay_temple_entry_stoned_glass, serial_glass,
          glass_columns_a, glass_columns_a, glass_columns_a, glass_columns_a,
          glass_columns_b, glass_columns_b, hangedman_decor_lopped,
          uniq_sigmund, uniq_blork_the_orc
D:6:      layout_rooms, kennysheep_generic_room_4, uniq_grinder
D:7:      layout_cave_pods, uniq_duvessa
D:8:      layout_cave_pools, nzn_ghost_randoct
Temple:   nicolae_temple_the_god_donut
Abyss:1:  base:
D:6

Skill      XL: |  1  2  3  4  5  6  7  8  9 |
---------------+----------------------------+-----
Unarmed Combat | 4 5 6 7 8 |  8.8
Fighting       | 4 5 6 7 8 |  8.8
Armour         | 1 2 3 4 5 6 |  6.3
Dodging        | |  2.6
Stealth        | |  2.1

Action                   |  1- 3 |  4- 6 |  7- 9 || total
-------------------------+-------+-------+-------++-------
Melee: Unarmed           |    95 |   177 |   240 ||   512
       Punch             |       |     2 |    10 ||    12
Invok: Heroism           |       |       |     3 ||     3
Evoke: Wand              |       |       |     5 ||     5
  Use: Scroll            |       |     6 |     7 ||    13
 Stab: Sleeping          |     7 |       |       ||     7
Armor: Robe              |     6 |       |       ||     6
       Scale mail        |    14 |    52 |       ||    66
       Chain mail        |       |    26 |   114 ||   140
Dodge: Dodged            |    42 |    77 |    76 ||   195

Table legend: (Time is in decaauts)
 A = Elapsed time spent in this place.
 B = Non-inter-level travel time spent in this place.
 C = Inter-level travel time spent in this place.
 D = Time resting spent in this place.
 E = Time spent auto-exploring this place.
 F = Levels seen in this place.
 G = Mean time per level.
                   A        B        C        D        E       F      G
               +--------+--------+--------+--------+--------+-----+--------+
         Total |   7177 |   6935 |    242 |   1872 |   3816 |  10 |  717.7 |
       Dungeon |   6750 |   6520 |    230 |   1615 |   3812 |   8 |  843.8 |
        Temple |     23 |     12 |     11 |      0 |      4 |   1 |   23.0 |
         Abyss |    403 |    403 |      0 |    257 |      0 |   1 |  403.0 |
               +--------+--------+--------+--------+--------+-----+--------+

Top non-repeatable levels by time:
     D:4: 2154 daAuts
     D:5: 1107 daAuts
     D:3: 928 daAuts
     D:2: 924 daAuts
     D:1: 840 daAuts
     D:6: 778 daAuts
 Abyss:1: 403 daAuts
  Temple: 23 daAuts
     D:8: 8 daAuts
     D:7: 7 daAuts
